 Dungeon Crawl Stone Soup version 0.27-a0-1296-g8ece459b43 (webtiles) character file.

Game seed: 387494068487889810

231 Delamore the Poker (level 6, -3/50 HPs)
             Began as a Formicid Fighter on June 16, 2021.
             Slain by an ogre (27 damage)
             ... on level 4 of the Dungeon.
             The game lasted 00:05:00 (3085 turns).

Delamore the Poker (Formicid Fighter)               Turns: 3085, Time: 00:05:00

Health: -3/50      AC:  9    Str: 22    XL:     6   Next: 24%
Magic:  6/6        EV:  8    Int:  8    God:
Gold:   710        SH:  9    Dex: 10    Spells: 5/5 levels left

rFire    . . .     SeeInvis +   a - +1 trident
rCold    . . .     Faith    .   c - +0 kite shield
rNeg     . . .     Spirit   .   b - +0 scale mail
rPois    .         Reflect  .   (helmet unavailable)
rElec    .         Harm     .   (no cloak)
rCorr    .         Rampage  .   n - +0 pair of gloves
Will     .....                  j - +0 pair of boots
Stlth    ..........             (no amulet)
HPRegen  0.16/turn              (no ring)
MPRegen  0.10/turn              (no ring)

@: no status effects
A: permanent stasis, dig shafts and tunnels, antennae 3, four strong arms
a: Dig, Shaft Self


You were on level 4 of the Dungeon.
You visited 1 branch of the dungeon, and saw 4 of its levels.

You collected 875 gold pieces.
You spent 165 gold pieces at shops.

Inventory:

Hand Weapons
 a - a +1 trident (weapon)
Missiles
 f - 2 curare-tipped darts (quivered)
Armour
 b - a +0 scale mail (worn)
 c - a +0 kite shield (worn)
 j - a +0 pair of boots (worn)
 n - a +0 pair of gloves (worn)
Scrolls
 g - 3 scrolls of noise
 p - a scroll of amnesia {unknown}
Potions
 d - a potion of might
 e - a potion of cancellation
 h - a potion of curing
 i - a potion of haste
 k - 3 potions of heal wounds
 l - a potion of attraction
 m - a potion of lignification
 o - a potion of resistance {unknown}


   Skills:
 + Level 4.9 Fighting
 * Level 5.1 Polearms
 - Level 3.2 Armour
 - Level 3.6 Shields


You had 5 spell levels left.
You didn't know any spells.
Your spell library was empty.

Dungeon Overview and Level Annotations

Branches:
Dungeon (3/15)

Altars:
Fedhas
Ru

Shops:
D:1 *!?!


Innate Abilities, Weirdness & Mutations

You cannot be hasted, slowed, berserked, paralysed or teleported.
You can dig through walls and to a lower floor.
You have a pair of large antennae on your head. (SInv)
Your four strong arms can wield two-handed weapons with a shield.


Message History

You hear the rusting of a very distant drain.
You hear the rusting of a very distant drain.
HP restored.
f - 7 curare-tipped darts (gained 1)
Things that are here:
a +0 falchion; a +0 ring mail An ogre comes into view.
It is wielding a +0 giant spiked club.
The ogre shouts!
Throw: 7 darts (curare)
Press: ? - help, Q - select action, (/) - cycle Shift-Dir - straight line, f - ogre
Aim: an ogre, wielding a +0 giant spiked club (73% to hit)
You throw a curare-tipped dart.
The curare-tipped dart completely misses the ogre.
The ogre hits you with a +0 giant spiked club!!
Throw: 6 darts (curare)
Press: ? - help, Q - select action, (/) - cycle Shift-Dir - straight line, f/p - ogre
Aim: an ogre, wielding a +0 giant spiked club (73% to hit)
You throw a curare-tipped dart.
The curare-tipped dart closely misses the ogre.
The ogre hits you with a +0 giant spiked club!
Throw: 5 darts (curare)
Press: ? - help, Q - select action, (/) - cycle Shift-Dir - straight line, f/p - ogre
Aim: an ogre, wielding a +0 giant spiked club (73% to hit)
You throw a curare-tipped dart.
The curare-tipped dart barely misses the ogre.
You block the ogre's attack.
Throw: 4 darts (curare)
Press: ? - help, Q - select action, (/) - cycle Shift-Dir - straight line, f/p - ogre
Aim: an ogre, wielding a +0 giant spiked club (73% to hit)
You throw a curare-tipped dart.
The curare-tipped dart barely misses the ogre.
You block the ogre's attack.
Throw: 3 darts (curare)
Press: ? - help, Q - select action, (/) - cycle Shift-Dir - straight line, f/p - ogre
Aim: an ogre, wielding a +0 giant spiked club (73% to hit)
You throw a curare-tipped dart.
The curare-tipped dart barely misses the ogre.
The ogre hits you with a +0 giant spiked club!!
Ouch! That really hurt!
You die...

..............###...##...##..
........†.#.....##.##..##....
.........)..#......#........#
..................)#.#.#..#.#
............#......).....##.#
....................)....#..#
......................##.....
.....(.....##.........##)....
............@O.....((#)#.....
.........###.......(###......
###..##### #........# ##.....
#.. #........?.# #..... #.
#.###.##............ #. #.
#.#.....#....>$. #
................
^.........#.##...
#.........(# . .##


You could see an ogre.

Vanquished Creatures
  An ogre (D:4)
  2 adders
  3 gnolls (D:3)
  2 worms (D:2)
  6 dart slugs
  5 orcs (D:4)
  3 ball pythons
  6 endoplasms
  3 giant cockroaches
  3 goblins
  8 hobgoblins
  7 jackals
  5 quokkas
  5 bats
  6 frilled lizards
  4 kobolds
  2 rats (D:1)
71 creatures vanquished.

Notes
Turn   | Place    | Note
-------+----------+-------------------------------------------
     0 | D:1      | Delamore the Formicid Fighter began the quest for the Orb.
     0 | D:1      | Reached XP level 1. HP: 18/18 MP: 1/1
    19 | D:1      | Found Ojieg's Distillery.
    82 | D:1      | Found Zoschocor's Assorted Antiques.
   152 | D:1      | Reached XP level 2. HP: 24/24 MP: 2/2
   220 | D:1      | Reached XP level 3. HP: 30/30 MP: 3/3
   260 | D:1      | Reached skill level 3 in Polearms
   753 | D:1      | Found Ynaph's Magic Scroll Shoppe.
   761 | D:1      | Bought a scroll of noise for 10 gold pieces
   825 | D:1      | Found Pised's Distillery.
   970 | D:2      | Reached XP level 4. HP: 33/37 MP: 4/4
  1988 | D:3      | Found a blossoming altar of Fedhas.
  2232 | D:3      | Identified a scroll of acquirement
  2232 | D:3      | Acquired 744 gold pieces
  2316 | D:1      | Bought a potion of heal wounds for 50 gold pieces
  2339 | D:1      | Bought a scroll labelled LUMOYFIQATS for 27 gold pieces
  2340 | D:1      | Bought a ruby potion for 24 gold pieces
  2340 | D:1      | Bought a murky green potion for 24 gold pieces
  2366 | D:1      | Bought a potion of curing for 30 gold pieces
  2392 | D:3      | Reached skill level 4 in Polearms
  2395 | D:3      | Reached XP level 5. HP: 40/42 MP: 5/5
  2856 | D:3      | You fall into a shaft and drop 1 floor!
  2863 | D:4      | Noticed an ogre
  2876 | D:4      | Killed an ogre
  2877 | D:4      | Reached skill level 5 in Polearms
  2877 | D:4      | Reached XP level 6. HP: 50/50 MP: 6/6
  2892 | D:4      | Found a sacrificial altar of Ru.
  3072 | D:4      | Noticed an ogre
  3085 | D:4      | Slain by an ogre

Illustrated notes

Levels and vault maps discovered:
D:1:      shiori_arrival_maze, layout_basic, serial_shops, shop,
          nicolae_shop_overgrown_old_shop, shop, nicolae_shop_trees
D:2:      layout_loops_ring, minmay_misc_feat_cross
D:3:      layout_basic, lemuel_crystal_altar
D:4:      layout_rooms, lemuel_round_altar, portal_sewer_entry_e

Skill      XL: |  1  2  3  4  5 |
---------------+----------------+-----
Polearms       | 3 4 5 |  5.1
Fighting       | 4 |  4.9
Armour         | |  3.2
Shields        | |  3.6

Action                   |  1- 3 |  4- 6 || total
-------------------------+-------+-------++-------
Melee: Trident           |   118 |   146 ||   264
Throw: Dart              |       |    14 ||    14
 Abil: Dig               |       |     7 ||     7
  Use: Scroll            |     1 |     8 ||     9
       Potion            |       |     1 ||     1
Armor: Scale mail        |    47 |   113 ||   160
Dodge: Dodged            |    38 |    72 ||   110
Block: Kite shield       |    60 |   114 ||   174

Table legend: (Time is in decaauts)
 A = Elapsed time spent in this place.
 B = Non-inter-level travel time spent in this place.
 C = Inter-level travel time spent in this place.
 D = Time resting spent in this place.
 E = Time spent auto-exploring this place.
 F = Levels seen in this place.
 G = Mean time per level.
                   A        B        C        D        E       F      G
               +--------+--------+--------+--------+--------+-----+--------+
         Total |   3178 |   2926 |    252 |    189 |   2056 |   4 |  794.5 |
       Dungeon |   3178 |   2926 |    252 |    189 |   2056 |   4 |  794.5 |
               +--------+--------+--------+--------+--------+-----+--------+

Top non-repeatable levels by time:
     D:1: 1252 daAuts
     D:2: 888 daAuts
     D:3: 800 daAuts
     D:4: 237 daAuts
